 Dungeon Crawl Stone Soup version 0.31-a0-431-g88bdf31460 (webtiles) character file.

Game seed: 18356939362171695709

506 HallandMoats the Trooper (level 6, 0/57 HPs)
             Began as a Minotaur Fighter on July 30, 2023.
             Was a Follower of Cheibriados.
             Slain by Pikel
             ... wielding a +0 whip of flaming
              (2 damage)
             ... on level 4 of the Dungeon on July 31, 2023.
             The game lasted 00:05:06 (3272 turns).

HallandMoats the Trooper (Minotaur Fighter)         Turns: 3272, Time: 00:05:07

Health: 0/57       AC: 12    Str: 24    XL:     6   Next: 97%
Magic:  5/5        EV:  9    Int: 10    God:    Cheibriados [*.....]
Gold:   197        SH:  0    Dex: 12    Spells: 5/5 levels left

rFire   . . .        n - +1 scimitar (holy)
rCold   . . .        c - +0 buckler
rNeg    . . .        t - +0 chain mail
rPois   .            (helmet restricted)
rElec   .            e - +0 cloak
rCorr   .            s - +0 pair of gloves
SInv    .            (no boots)
Will    .....        (no amulet) Stlth
                     (no ring)
HPRegen 0.29/turn    (no ring)
MPRegen 0.09/turn

%: no passive effects
@: confused, very slow
A: horns 2, retaliatory headbutt
a: Renounce Religion, Bend Time


You were on level 4 of the Dungeon.
You worshipped Cheibriados.
Cheibriados was aware of your devotion.
You visited 1 branch of the dungeon, and saw 4 of its levels.

You collected 197 gold pieces.

Inventory:

Hand Weapons
 a - a +0 war axe
 n - a +1 scimitar of holy wrath (weapon)
Armour
 c - a +0 buckler (worn)
 e - a +0 cloak (worn)
 s - a +0 pair of gloves (worn)
 t - a +0 chain mail (worn)
Wands
 h - a wand of iceblast (8)
 o - a wand of flame (19)
 w - a wand of digging (2)
Scrolls
 b - a scroll of noise {unknown}
 f - a scroll of enchant weapon {unknown}
 g - a scroll of fog {unknown}
 j - 6 scrolls of identify {unknown}
 p - a scroll of enchant armour {unknown}
 q - a scroll of amnesia {unknown}
 v - a scroll of poison {unknown}
Potions
 d - a potion of might
 i - 2 potions of mutation {unknown}
 k - 2 potions of resistance {unknown}
 l - 2 potions of heal wounds {unknown}
 m - 4 potions of curing {unknown}
 r - 2 potions of attraction {unknown}
 u - 2 potions of lignification {unknown}


   Skills:
 * Level 5.8 Fighting
 * Level 5.2 Axes
 + Level 4.9 Armour
 + Level 2.9 Dodging
 + Level 4.8 Shields


You had 5 spell levels left.
You didn't know any spells.
Your spell library contained the following spells:

 Spells                   Type           Power      Damage    Failure   Level
 Wereblood                Tmut           0%         N/A       98%         2
 Irradiate                Conj/Tmut      0%         3d11      100%        5


Dungeon Overview and Level Annotations

Branches:
Dungeon (4/15)
 Temple: D:4-7

Altars:
Cheibriados
Okawaru

Annotations:
D:4 Pikel


Innate Abilities, Weirdness & Mutations

You have a pair of horns on your head.
You reflexively headbutt those who attack you in melee.


Message History

Pikel is moderately wounded.
You block Pikel's attack.
The lemure hits you but does no damage. x2
You closely miss Pikel. Your headbutt misses Pikel.
Pikel is moderately wounded.
Pikel hits you with a +0 whip of flaming.
Pikel burns you. The lemure hits you. The lemure hits you but does no damage.
Pikel hits you but does no damage.
The lemure hits you but does no damage. x2
Unknown command.
You hit Pikel but do no damage. You headbutt Pikel!
Pikel is severely wounded.
Pikel zaps a wand.
Your will is overpowered!
You are confused.
The lemure hits you.
* * * LOW HITPOINT WARNING * * *
The lemure hits you but does no damage.
You bump into the rock wall.
Pikel hits you but does no damage. The lemure closely misses you.
The lemure barely misses you.
Unknown command.
You bump into the rock wall.
Pikel hits you but does no damage.
The lemure hits you but does no damage. x2
Unknown command.
You bump into the rock wall.
Pikel zaps a wand.
Your will is overpowered!
You are more confused.
The lemure barely misses you. The lemure closely misses you.
Unknown command.
You're too confused to move!
Pikel hits you but does no damage. The lemure barely misses you.
The lemure closely misses you.
Unknown command.
Unknown command.
You bump into the rock wall.
Pikel hits you with a +0 whip of flaming.
* * * LOW HITPOINT WARNING * * *
Pikel burns you.
* * * LOW HITPOINT WARNING * * *
The lemure barely misses you. x2
You barely miss the lemure.
Pikel hits you with a +0 whip of flaming.
* * * LOW HITPOINT WARNING * * *
Pikel burns you.
You die...

..............°
...........○○○.
..☼............
#
..°○...........
#####
............
....##
.........
##...#
#######8.8#
...###
##......5K#
####
#.......5@#
####
#.#......##
...# #.#...##
.... #.#####
.... #.# ...#
#.# #### #.# ##
#.# .# #.#


You could see Pikel and 2 lemures.

Vanquished Creatures
  Grinder (D:4)
  A lemure (D:4)
  A phantom (D:4)
  Jessica (D:2)
  An iguana (D:4)
  An orc wizard (D:3)
  8 adders
  4 worms
  2 dart slugs
  2 orcs (D:3)
  4 bats
  6 endoplasms
  2 giant cockroaches
  4 goblins
  5 hobgoblins
  11 jackals
  9 kobolds
  2 quokkas
  6 ball pythons
  A frilled lizard (D:1)
  4 rats
76 creatures vanquished.

Vanquished Creatures (others)
  A lemure (D:4)
1 creature vanquished.

Grand Total: 77 creatures vanquished

Notes
Turn   | Place    | Note
-------+----------+-------------------------------------------
     0 | D:1      | HallandMoats the Minotaur Fighter began the quest for the
                  | Orb.
     0 | D:1      | Reached XP level 1. HP: 19/19 MP: 0/0
   329 | D:1      | Reached XP level 2. HP: 27/27 MP: 1/1
   582 | D:1      | Upgraded the game from 0.31-a0-426-g3a05650e59 to
                  | 0.31-a0-431-g88bdf31460
   816 | D:2      | Found a faded altar of an unknown god.
   823 | D:2      | Reached skill level 1 in Dodging
   823 | D:2      | Reached XP level 3. HP: 20/33 MP: 2/2
  1098 | D:2      | Found a snail-covered altar of Cheibriados.
  1149 | D:2      | Became a worshipper of Cheibriados the Contemplative
  1169 | D:2      | Noticed Jessica
  1184 | D:2      | Killed Jessica
  1185 | D:2      | Reached XP level 4. HP: 35/41 MP: 3/3
  2031 | D:3      | Reached XP level 5. HP: 47/47 MP: 4/4
  2093 | D:3      | Reached * piety under Cheibriados
  2770 | D:4      | Noticed Grinder
  2778 | D:4      | Killed Grinder
  2779 | D:4      | Reached skill level 5 in Fighting
  2779 | D:4      | Reached XP level 6. HP: 41/56 MP: 5/5
  2784 | D:4      | Reached skill level 5 in Axes
  3019 | D:4      | Found an iron altar of Okawaru.
  3243 | D:4      | Noticed Pikel
  3272 | D:4      | HP: 2/57 [Pikel/+0 whip of flaming (6)]
  3272 | D:4      | Slain by Pikel

Illustrated notes

Levels and vault maps discovered:
D:1:      lemuel_arrival_broad_hall, layout_loops_ring
D:2:      layout_loops_ring, basic_altar, ebering_ecumenical_altar_abandoned,
          uniq_jessica
D:3:      layout_basic, serial_bayou_ford_a
D:4:      layout_rooms, okawaru_trees_1, lemuel_temple_firewalk_b,
          minmay_misc_feat_columns, uniq_grinder, uniq_pikel

Skill      XL: |  1  2  3  4  5  6 |
---------------+-------------------+-----
Fighting       | 4 5 |  5.8
Axes           | 3 4 5 |  5.2
Armour         | 4 |  4.9
Dodging        | 1 2 |  2.9
Shields        | 4 |  4.8

Action                     |  1- 3 |  4- 6 || total
---------------------------+-------+-------++-------
  Melee: War axe           |    62 |       ||    62
         Headbutt          |     7 |    19 ||    26
         Scimitar          |     7 |   124 ||   131
 Armour: Scale mail        |    37 |    47 ||    84
         Chain mail        |       |    41 ||    41
  Dodge: Dodged            |    33 |    80 ||   113
  Block: Buckler           |    17 |    33 ||    50

Table legend: (Time is in decaauts)
 A = Elapsed time spent in this place.
 B = Non-inter-level travel time spent in this place.
 C = Inter-level travel time spent in this place.
 D = Time resting spent in this place.
 E = Time spent auto-exploring this place.
 F = Levels seen in this place.
 G = Mean time per level.
                   A        B        C        D        E       F      G
               +--------+--------+--------+--------+--------+-----+--------+
         Total |   3926 |   3583 |    343 |    203 |   2602 |   4 |  981.5 |
       Dungeon |   3926 |   3583 |    343 |    203 |   2602 |   4 |  981.5 |
               +--------+--------+--------+--------+--------+-----+--------+

Top non-repeatable levels by time:
     D:3: 1290 daAuts
     D:2: 1190 daAuts
     D:1: 807 daAuts
     D:4: 638 daAuts
